AoeStats
← Barón de la Cerveza

Arabia

504916101Analyzed
1v1 RM · 27d ago on Sep 7, 2026· 58m 47s· 2 players
Game mode
Random Map
Map size
Tiny (2 player)
Population
200
Speed
Normal
Resources
Standard
Victory
Conquest
Starting age
Dark Age
Ending age
Imperial Age
RankedLock teamsTeams togetherTeam positionsShared explorationLock speedFull tech treeHidden civsTurbo modeCheats
Victory
Defeat
🇻🇳 Poles · Vietnam
1792
+20
🇲🇽 Sicilians · Mexico
1889
-20
Barón de la Cerveza
6:28 Loom
8:55 Feudal Age
9:22 Double-Bit Axe
20:05 Fletching
24:37 Castle Age
23:58 Horse Collar
25:23 Scale Mail Armor
27:05 Chain Mail Armor
27:09 Pikeman
29:37 Bodkin Arrow
38:44 Bow Saw
41:16 First Crusade
42:30 Squires
46:30 Imperial Age
44:15 Forging
44:58 Wheelbarrow
45:31 Heavy Plow
47:59 Bracer
48:21 Scale Barding Armor
49:08 Bloodlines
48:58 Husbandry
49:51 Chain Barding Armor
48:56 Cavalier
51:07 Plate Barding Armor
51:05 Gold Mining
52:56 Ballistics
54:34 Iron Casting
54:17 Crossbowman
55:42 Light Cavalry
56:48 Hand Cart
56:09 Arbalester
VNS TomNeva15
5:59 Loom
9:01 Feudal Age
9:44 Double-Bit Axe
16:26 Fletching
17:34 Horse Collar
22:17 Castle Age
20:55 Scale Barding Armor
21:17 Forging
23:23 Chain Barding Armor
23:16 Bow Saw
24:32 Heavy Plow
27:02 Husbandry
26:23 Light Cavalry
28:52 Iron Casting
29:53 Wheelbarrow
29:44 Bloodlines
34:09 Devotion
38:49 Scale Mail Armor
41:00 Hand Cart
46:34 Imperial Age
45:25 Chain Mail Armor
45:13 Gold Mining
46:39 Elite Obuch
48:20 Blast Furnace
49:26 Plate Mail Armor
48:39 Winged Hussar
50:12 Conscription
52:05 Szlachta Privileges
52:13 Cavalier
58:32 Crop Rotation
Connection lost

Rejoining the realm…

Still unreachable

The connection could not be restored.

Session expired

The server has moved on; the page needs a fresh start.